 Dungeon Crawl Stone Soup version 0.21-a0-633-g4c047d5 (webtiles) character file.

441 wvc the Carver (level 7, -1/50 HPs)
             Began as a Gnoll Wanderer on Dec 28, 2017.
             Slain by Grinder (9 damage)
             ... on level 4 of the Dungeon.
             The game lasted 00:05:49 (3851 turns).

wvc the Carver (Gnoll Wanderer)                     Turns: 3851, Time: 00:05:50

Health: -1/50      AC:  7    Str: 15    XL:     7   Next: 2%
Magic:  10/10      EV: 12    Int: 15    God:
Gold:   127        SH:  0    Dex: 15    Spells: 10/10 levels left

rFire    . . .     SeeInvis .   a - +2 falchion
rCold    . . .     Gourm    .   (no shield)
rNeg     . . .     Faith    .   r - +0 ring mail (curse)
rPois    .         Spirit   .   (no helmet)
rElec    .         Reflect  .   (no cloak)
rCorr    .         Harm     .   (no gloves)
MR       +....                  (no boots)
Stlth    +.........             (no amulet)
HPRegen  0.16/turn              k - +2 ring of protection
MPRegen  0.12/turn              i - ring of protection from magic

@: lethally poisoned (-1 -> -8)
A: distributed training, fangs 1, strong nose
a: no special abilities


You were on level 4 of the Dungeon.
You were not hungry.

You visited 1 branch of the dungeon, and saw 4 of its levels.

You collected 127 gold pieces.

Inventory:

Hand Weapons
 a - a +2 falchion (weapon)
 d - a +1 antimagic dagger
 l - a +0 flail of protection
 m - a cursed -1 rapier
Missiles
 j - 32 poisoned needles
Armour
 r - a cursed +0 ring mail (worn)
Jewellery
 i - a ring of protection from magic (right hand)
 k - a +2 ring of protection (left hand)
Wands
 c - a wand of random effects (15)
 p - a wand of disintegration (15)
Scrolls
 b - 4 scrolls of teleportation
 e - 3 scrolls of identify
 g - a scroll of magic mapping
 h - 2 scrolls of fear
 q - a scroll of immolation
 s - a scroll of enchant armour {unknown}
Potions
 o - a potion of curing
Comestibles
 f - 5 rations


   Skills:
 + Level 2.1 Fighting
 + Level 2.1 Short Blades
 + Level 8.8 Long Blades
 + Level 2.1 Axes
 + Level 2.1 Maces & Flails
 + Level 2.1 Polearms
 + Level 2.1 Staves
 + Level 2.1 Slings
 + Level 2.1 Bows
 + Level 2.1 Crossbows
 + Level 2.1 Throwing
 + Level 2.1 Armour
 + Level 3.4 Dodging
 + Level 2.1 Stealth
 + Level 3.4 Shields
 + Level 2.1 Unarmed Combat
 + Level 2.1 Spellcasting
 + Level 1.7 Conjurations
 + Level 1.7 Hexes
 + Level 1.7 Charms
 + Level 1.7 Summonings
 + Level 2.7 Necromancy
 + Level 1.7 Translocations
 + Level 1.7 Transmutations
 + Level 1.7 Fire Magic
 + Level 4.2 Ice Magic
 + Level 1.7 Air Magic
 + Level 1.7 Earth Magic
 + Level 1.7 Poison Magic
 + Level 2.4 Invocations
 + Level 3.4 Evocations


You had 10 spell levels left.
You didn't know any spells.

Dungeon Overview and Level Annotations

Branches:
Dungeon (4/15)
 Temple: D:4-7

Altars:

Annotations:
D:4 Grinder


Innate Abilities, Weirdness & Mutations

Your experience applies equally to all skills.
You have very sharp teeth.
Your uncanny sense of smell can sniff out nearby items.


Message History

Grinder is severely wounded.
You hit Grinder but do no damage.
Grinder is severely wounded.
You feel sick. Grinder hits you but does no damage.
You hit Grinder.
Grinder is severely wounded.
You feel sick. Grinder hits you.
You writhe in agony.
You barely miss Grinder.
Grinder is severely wounded.
You feel sick.
You hit Grinder.
Grinder is severely wounded.
You feel sick. Grinder hits you.
* * * LOW HITPOINT WARNING * * *
You writhe in agony.
* * * LOW HITPOINT WARNING * * *
You hit Grinder. Your bite misses Grinder.
Grinder is almost dead.
Grinder hits you!
You die...

∆ .. ##..# ..
##.. ##. ##.
######[. ##
#...... # #.... #
##...# # #...5##
# #.####@# # #.#
∆ ∆..# # #>#
....# #.## #....
#..#### #...
##....#######
##..
#..........####..
######..........#
###........#


You could see Grinder.

Vanquished Creatures
  A phantom (D:2)
  A scorpion (D:4)
  A crimson imp (D:2)
  An orc wizard (D:3)
  3 worker ants
  A hound skeleton (D:4)
  7 adders
  An ooze (D:2)
  2 worms (D:2)
  6 leopard geckos
  7 orcs
  A ball python (D:1)
  13 bats
  A giant cockroach (D:3)
  3 goblins
  5 hobgoblins
  2 jackals (D:1)
  2 quokkas (D:2)
  5 frilled lizards
  A jackal skeleton (D:4)
  7 kobolds
  12 rats
83 creatures vanquished.

Notes
Turn   | Place    | Note
-------+----------+-------------------------------------------
     0 | D:1      | wvc the Gnoll Wanderer began the quest for the Orb.
     0 | D:1      | wvc set off with: a +2 falchion, a scroll of teleportation, a wand of random effects (15), a +0 robe, a ration
     0 | D:1      | Reached XP level 1. HP: 13/13 MP: 2/2
   109 | D:1      | Reached XP level 2. HP: 18/19 MP: 3/3
   769 | D:2      | Reached XP level 3. HP: 19/25 MP: 4/4
  1044 | D:2      | Reached skill level 1 in Invocations
  1167 | D:2      | Reached skill level 1 in Fighting
  1167 | D:2      | Reached skill level 1 in Short Blades
  1167 | D:2      | Reached skill level 1 in Axes
  1167 | D:2      | Reached skill level 1 in Maces & Flails
  1167 | D:2      | Reached skill level 1 in Polearms
  1167 | D:2      | Reached skill level 1 in Staves
  1167 | D:2      | Reached skill level 1 in Slings
  1167 | D:2      | Reached skill level 1 in Bows
  1167 | D:2      | Reached skill level 1 in Crossbows
  1167 | D:2      | Reached skill level 1 in Throwing
  1167 | D:2      | Reached skill level 1 in Armour
  1167 | D:2      | Reached skill level 1 in Stealth
  1167 | D:2      | Reached skill level 1 in Unarmed Combat
  1167 | D:2      | Reached skill level 1 in Spellcasting
  1227 | D:2      | Reached XP level 4. HP: 10/32 MP: 6/6
  1458 | D:2      | Noticed a phantom
  1517 | D:2      | Killed a phantom
  1517 | D:2      | Reached skill level 1 in Conjurations
  1517 | D:2      | Reached skill level 1 in Hexes
  1517 | D:2      | Reached skill level 1 in Charms
  1517 | D:2      | Reached skill level 1 in Summonings
  1517 | D:2      | Reached skill level 1 in Translocations
  1517 | D:2      | Reached skill level 1 in Transmutations
  1517 | D:2      | Reached skill level 1 in Fire Magic
  1517 | D:2      | Reached skill level 1 in Air Magic
  1517 | D:2      | Reached skill level 1 in Earth Magic
  1517 | D:2      | Reached skill level 1 in Poison Magic
  1517 | D:2      | Reached XP level 5. HP: 7/37 MP: 7/7
  2407 | D:3      | Reached XP level 6. HP: 27/44 MP: 2/8
  3824 | D:4      | Noticed Grinder
  3845 | D:4      | Reached XP level 7. HP: 23/50 MP: 10/10
  3851 | D:4      | Slain by Grinder

Vault maps used:
D:1:      elethiomel_arrival_infinity_welcomes_careful_drivers
D:4:      kennysheep_six_static_rooms, st_stairs_12, uniq_grinder

Skill      XL: |  1  2  3  4  5  6 |
---------------+-------------------+-----
Necromancy     | 2 |  2.7
Invocations    | 1 2 |  2.4
Fighting       | 1 2 |  2.1
Short Blades   | 1 2 |  2.1
Axes           | 1 2 |  2.1
Maces & Flails | 1 2 |  2.1
Polearms       | 1 2 |  2.1
Staves         | 1 2 |  2.1
Slings         | 1 2 |  2.1
Bows           | 1 2 |  2.1
Crossbows      | 1 2 |  2.1
Throwing       | 1 2 |  2.1
Armour         | 1 2 |  2.1
Stealth        | 1 2 |  2.1
Unarmed Combat | 1 2 |  2.1
Spellcasting   | 1 2 |  2.1
Dodging        | 3 |  3.4
Shields        | 3 |  3.4
Conjurations   | 1 |  1.7
Hexes          | 1 |  1.7
Charms         | 1 |  1.7
Summonings     | 1 |  1.7
Translocations | 1 |  1.7
Transmutations | 1 |  1.7
Fire Magic     | 1 |  1.7
Ice Magic      | 4 |  4.2
Air Magic      | 1 |  1.7
Earth Magic    | 1 |  1.7
Poison Magic   | 1 |  1.7
Evocations     | 3 |  3.4
Long Blades    | |  8.8

Action                   |  1- 3 |  4- 6 |  7- 9 || total
-------------------------+-------+-------+-------++-------
Melee: Falchion          |   110 |   157 |     6 ||   273
       Bite              |    12 |    22 |     1 ||    35
       Dagger            |       |    16 |       ||    16
       Flail             |       |    17 |       ||    17
       Punch             |       |     1 |       ||     1
  Use: Potion            |     2 |       |       ||     2
       Scroll            |       |     5 |       ||     5
 Stab: Sleeping          |     2 |     2 |       ||     4
  Eat: Chunk             |     1 |     5 |       ||     6
       Ration            |       |     1 |       ||     1
Armor: Robe              |     5 |       |       ||     5
       Leather armour    |    20 |    23 |       ||    43
       Ring mail         |       |    21 |     1 ||    22
Dodge: Dodged            |    55 |   108 |     1 ||   164
       Rpst.: Falchion   |    16 |    32 |     1 ||    49

Table legend:
 A = Spawn XP
 B = Non-spawn XP
 C = Spawn XP percentage of total XP
 D = Spawn monster count
 E = Non-spawn monster count
 F = Spawn count percentage of total count
 G = Total turns spent on level
                    A         B        C        D         E        F      G
               +---------+---------+-------+---------+---------+-------+---------
         Total |       0 |     631 |   0.0 |       0 |      83 |   0.0 |  3851
               +---------+---------+-------+---------+---------+-------+---------
           D:1 |       0 |      24 |   0.0 |       0 |      16 |   0.0 |   749
           D:2 |       0 |     282 |   0.0 |       0 |      31 |   0.0 |  1580
           D:3 |       0 |     128 |   0.0 |       0 |      26 |   0.0 |   992
           D:4 |       0 |     197 |   0.0 |       0 |      10 |   0.0 |   530
               +---------+---------+-------+---------+---------+-------+---------
